 Dungeon Sprint DCSS version 0.22.1 (console) character file.

2118 hilarita the Carver (level 9, -5/51 HPs)
             Began as a Vine Stalker Fighter on Jan 12, 2019.
             Was a Believer of Uskayaw.
             Slain by an eight-headed hydra (9 damage)
             ... in the Dungeon (Sprint IX: "|||||||||||||||||||||||||||||").
             The game lasted 00:03:04 (577 turns).

hilarita the Carver (Vine Stalker Fighter)           Turns: 577, Time: 00:03:05

Health: -5/51      AC: 11    Str: 24    XL:     9   Next: 29%
Magic:  0/16       EV:  9    Int: 11    God:    Uskayaw [**....]
Gold:   0          SH: 12    Dex: 15    Spells: 8/8 levels left

rFire    . . .     SeeInvis .   o - +2 scimitar (flame)
rCold    . . .     Gourm    .   c - +0 shield
rNeg     . . .     Faith    .   r - +2 ring mail
rPois    .         Spirit   +   q - +0 helmet
rElec    .         Reflect  .   p - +0 cloak
rCorr    .         Harm     .   (no gloves)
MR       +....     NoTele   +   (no boots)
Stlth    +.........             (no amulet)
HPRegen  0.57/turn              b - +3 ring of strength
MPRegen  0.15/turn              s - +3 ring of intelligence

@: no status effects
A: fangs 3, regeneration 1, magic shield, antimagic bite, no potion heal 3, rot
immunity
a: Stomp, Line Pass, Renounce Religion


You were in the Dungeon.
You worshipped Uskayaw.
Uskayaw was aware of your devotion.
You were not hungry.

You visited 1 branch

Inventory:

Hand Weapons
 a - a +0 long sword
 o - a +2 scimitar of flaming (weapon)
Armour
 c - a +0 shield (worn)
 p - a +0 cloak (worn)
 q - a +0 helmet (worn)
 r - a +2 ring mail (worn)
Jewellery
 b - a +3 ring of strength (left hand)
 s - a +3 ring of intelligence (right hand)
Wands
 n - a wand of acid (10)
Scrolls
 j - 4 scrolls of remove curse
 k - 4 scrolls of blinking
 m - 2 scrolls of amnesia
 v - a scroll of fear
 w - 2 scrolls of identify
Potions
 d - a potion of might
 e - a potion of invisibility
 g - 5 potions of curing
 h - a potion of haste
 i - 4 potions of magic
 t - 2 potions of mutation
 u - a potion of berserk rage
Comestibles
 f - a bread ration
 l - 4 chunks of flesh


   Skills:
 + Level 8.2 Fighting
 * Level 10.9 Long Blades
 + Level 7.4 Armour
 + Level 8.1 Shields
 * Level 9.0 Invocations


You had 8 spell levels left.
You didn't know any spells.
Your spell library was empty.

Dungeon Overview and Level Annotations

Branches:
Dungeon (1/1)

Altars:
Cheibriados
Dithmenos
Elyvilon
Fedhas
Gozag
Hepliaklqana
Kikubaaqudgha
Makhleb
Nemelex Xobeh
Okawaru
Qazlal
Ru
Sif Muna
Trog
Uskayaw
Vehumet
Wu Jian
Xom
Yredelemnul
Zin
The Shining One
Beogh
Jiyva
Lugonu


Innate Abilities, Weirdness & Mutations

You have razor-sharp teeth.
Your natural rate of healing is unusually fast.
When hurt, damage is shared between your health and your magic reserves.
Your bite disrupts and absorbs the magic of your enemies.
Potions cannot restore your health.
You are immune to rotting.


Message History

The nine-headed hydra bites you.
The nine-headed hydra closely misses you.
The nine-headed hydra misses you. The nine-headed hydra bites you! x3
The nine-headed hydra bites you.
Okay, then.
Wield which item (- for none, * to show all)? (? for menu, Esc to quit)
Your +2 scimitar of flaming bursts into flame!
o - a +2 scimitar of flaming (weapon)
Unknown command.
You chop one of the nine-headed hydra's heads off!
The flame cauterises the wound!
You slash the eight-headed hydra! You burn the eight-headed hydra!
The eight-headed hydra is severely wounded.
You block the eight-headed hydra's attack. x2
The eight-headed hydra bites you. x2; The eight-headed hydra bites you!
* * * LOW HITPOINT WARNING * * *
The eight-headed hydra completely misses you.
You block the eight-headed hydra's attack.
The eight-headed hydra bites you!
You die...

▓▓▓▓▓▓▓▓▓▓▓▓▓▓▓▓▓▓▓▓▓▓▓▓▓▓▓▓▓▓▓▓▓
..'________________________'!.|).
▓▓▓▓▓▓▓▓▓▓▓▓▓▓▓▓▓▓▓▓▓▓▓▓▓▓▓▓▓▓▓▓▓
.................................
▓▓▓▓▓▓▓▓▓▓▓▓▓▓▓▓▓▓▓▓▓▓▓▓▓▓▓▓▓▓▓▓▓
)(...†.†.††.....@DFSSDF.
▓▓▓▓▓▓▓▓▓▓▓▓▓▓▓▓▓▓▓▓▓▓▓▓


You could see 2 eight-headed hydras, a black mamba, a spiny frog, a water
moccasin and a bullfrog.

Vanquished Creatures
  An unseen horror (D)
  A blink frog (D)
  A yak (D)
  3 water moccasins (D)
  A porcupine (D)
  An ice beast (D)
  A centaur (D)
  2 ogres (D)
  2 crocodiles (D)
  4 bullfrogs (D)
  A scorpion (D)
  2 worker ants (D)
  2 adder skeletons (D)
  3 orcs (D)
  A ball python (D)
  2 giant cockroaches (D)
  2 hobgoblins (D)
  A weasel (D)
  A rat (D)
32 creatures vanquished.

Notes
Turn   | Place    | Note
-------+----------+-------------------------------------------
     0 | D        | hilarita the Vine Stalker Fighter began the quest for the
                  | Orb.
     0 | D        | Reached XP level 1. HP: 11/11 MP: 2/2
     4 | D        | Reached skill level 2 in Long Blades
   188 | D        | Noticed an ice beast
   188 | D        | Noticed a scorpion
   188 | D        | Noticed an ogre
   190 | D        | Reached skill level 3 in Long Blades
   190 | D        | Reached XP level 2. HP: 16/16 MP: 3/3
   198 | D        | Killed an ice beast
   198 | D        | Reached skill level 5 in Long Blades
   198 | D        | Reached XP level 3. HP: 16/21 MP: 1/4
   198 | D        | Gained mutation: Your natural rate of healing is unusually
                  | fast. [Vine Stalker growth]
   198 | D        | Reached XP level 4. HP: 21/26 MP: 1/5
   203 | D        | HP: 3/39 [scorpion (6)]
   204 | D        | Reached skill level 6 in Long Blades
   204 | D        | Reached XP level 5. HP: 4/30 MP: 1/6
   207 | D        | Killed an ogre
   207 | D        | Reached skill level 5 in Fighting
   207 | D        | Reached skill level 7 in Long Blades
   207 | D        | Reached skill level 5 in Armour
   207 | D        | Reached skill level 5 in Shields
   207 | D        | Reached XP level 6. HP: 3/35 MP: 7/7
   217 | D        | Found a roughly hewn altar of Beogh.
   217 | D        | Found a snail-covered altar of Cheibriados.
   217 | D        | Found a shadowy altar of Dithmenos.
   217 | D        | Found a white marble altar of Elyvilon.
   217 | D        | Found a blossoming altar of Fedhas.
   217 | D        | Found an opulent altar of Gozag.
   218 | D        | Found a hazy altar of Hepliaklqana.
   219 | D        | Found a viscous altar of Jiyva.
   220 | D        | Found an ancient bone altar of Kikubaaqudgha.
   221 | D        | Found a corrupted altar of Lugonu.
   222 | D        | Found a burning altar of Makhleb.
   223 | D        | Found a sparkling altar of Nemelex Xobeh.
   224 | D        | Found an iron altar of Okawaru.
   225 | D        | Found a stormy altar of Qazlal.
   226 | D        | Found a sacrificial altar of Ru.
   227 | D        | Found a deep blue altar of Sif Muna.
   228 | D        | Found a bloodstained altar of Trog.
   229 | D        | Found a hide-covered altar of Uskayaw.
   230 | D        | Found a radiant altar of Vehumet.
   231 | D        | Found an ornate altar of the Wu Jian Council.
   232 | D        | Found a shimmering altar of Xom.
   233 | D        | Found a basalt altar of Yredelemnul.
   234 | D        | Found a glowing silver altar of Zin.
   235 | D        | Found a glowing golden altar of the Shining One.
   237 | D        | Became a worshipper of Uskayaw the Reveler
   291 | D        | Reached * piety under Uskayaw
   294 | D        | Reached ** piety under Uskayaw
   300 | D        | Reached *** piety under Uskayaw
   303 | D        | Reached **** piety under Uskayaw
   304 | D        | Reached skill level 8 in Long Blades
   307 | D        | Reached ***** piety under Uskayaw
   308 | D        | Reached XP level 7. HP: 29/41 MP: 8/11
   344 | D        | Killed an unseen horror
   344 | D        | Reached skill level 9 in Long Blades
   344 | D        | Gained mutation: You have razor-sharp teeth. [Vine Stalker
                  | growth]
   344 | D        | Reached XP level 8. HP: 39/46 MP: 11/14
   472 | D        | Noticed a yak
   472 | D        | Noticed a blink frog
   481 | D        | Killed a blink frog
   481 | D        | Reached skill level 10 in Long Blades
   484 | D        | Killed a yak
   484 | D        | Reached XP level 9. HP: 35/51 MP: 12/16
   571 | D        | Noticed an eight-headed hydra
   571 | D        | Noticed a black mamba
   571 | D        | Noticed a spiny frog
   574 | D        | Noticed an eight-headed hydra
   577 | D        | HP: 4/51 [eight-headed hydra (10)]
   577 | D        | Slain by an eight-headed hydra

Skill      XL: |  1  2  3  4  5  6  7  8  9 |
---------------+----------------------------+-----
Long Blades    | 3 5 6 7 8 9 10 | 10.9
Fighting       | 3 4 5 6 7 8 |  8.2
Shields        | 3 4 5 6 7 8 |  8.1
Armour         | 4 5 6 7 |  7.4
Invocations    | 4 6 8 9 |  9.0

Action                   |  1- 3 |  4- 6 |  7- 9 || total
-------------------------+-------+-------+-------++-------
Melee: Long sword        |    20 |    25 |    43 ||    88
       Bite              |     6 |    10 |    14 ||    30
       Scimitar          |       |       |     1 ||     1
  Use: Potion            |     1 |     1 |       ||     2
 Stab: Paralysed         |       |       |     1 ||     1
Armor: Scale mail        |     4 |       |       ||     4
       Ring mail         |       |     7 |    13 ||    20
Dodge: Dodged            |     3 |     5 |     5 ||    13
Block: Shield            |    10 |     7 |    24 ||    41
       Rpst.: Long sword |     2 |     1 |       ||     3
